 Dungeon Crawl Stone Soup version 0.27-a0-1278-g6cbc8dfb29 (webtiles) character file.

Game seed: 699120773496455958

7616 avis the Severer (level 11, 0/83 (86) HPs)
             Began as a Hill Orc Monk on June 13, 2021.
             Was a Believer of Beogh.
             Slain by a blink frog (12 damage)
             ... on level 2 of the Lair of Beasts.
             The game lasted 00:51:00 (12793 turns).

avis the Severer (Hill Orc Monk)                   Turns: 12793, Time: 00:51:01

HP:   0/83 (86)     AC: 19    Str: 18    XL:     11   Next: 18%
MP:   18/18         EV:  8    Int: 10    God:    Beogh [**....]
Gold: 405           SH:  0    Dex: 13    Spells: 10/10 levels left

rFire    . . .     SeeInvis .   a - +1 battleaxe
rCold    . . .     Faith    .   (shield currently unavailable)
rNeg     . . .     Spirit   .   o - +0 chain mail
rPois    .         Reflect  .   P - +2 hat
rElec    .         Harm     .   (no cloak)
rCorr    .         Rampage  .   (no gloves)
Will     .....                  S - +2 pair of boots
Stlth    ..........             (no amulet)
HPRegen  0.23/turn              g - +4 ring of protection
MPRegen  0.16/turn              (no ring)

@: lightly drained
A: no striking features
a: Renounce Religion, Smiting


You were on level 2 of the Lair of Beasts.
You worshipped Beogh.
Beogh was pleased with you.
You visited 3 branches of the dungeon, and saw 11 of its levels.

You collected 405 gold pieces.

Inventory:

Hand Weapons
 a - a +1 battleaxe (weapon)
 b - a +1 shortbow of flaming
 w - the +12 dagger "Xeazosuc" {vorpal, Int+3}
   (You found it on level 1 of the Lair of Beasts)

   It inflicts extra damage upon your enemies.
   It affects your intelligence (+3).
Missiles
 m - 27 bolts
 z - 5 throwing nets
 C - 4 curare-tipped darts
 E - 132 arrows
 G - 17 poisoned darts
 I - 16 boomerangs (quivered)
 O - 4 javelins
Armour
 o - a +0 chain mail (worn)
 P - a +2 hat (worn)
 S - a +2 pair of boots (worn)
Jewellery
 g - a +4 ring of protection (left hand)
Wands
 c - a wand of iceblast (8)
 T - a wand of digging (6)
Scrolls
 x - 2 scrolls of magic mapping
 M - 6 scrolls of teleportation
Potions
 e - a potion of haste {unknown}
 l - 2 potions of might
 p - a potion of invisibility
 r - 2 potions of brilliance
 s - 3 potions of curing
 v - a potion of magic
 B - a potion of ambrosia
 L - 4 potions of flight
 Q - a potion of berserk rage


   Skills:
 - Level 5.0 Fighting
 * Level 17.4 Axes
 - Level 5.0 Armour
 - Level 2.4 Dodging
 - Level 1.5 Stealth
 + Level 9.5 Invocations


You had 10 spell levels left.
You didn't know any spells.
Your spell library contained the following spells:

 Spells                   Type           Power      Damage    Failure   Level
 Animate Skeleton         Necr           0%         N/A       99%         1
 Apportation              Tloc           0%         N/A       99%         1
 Corona                   Hex            0%         N/A       99%         1
 Pain                     Necr           0%         1d4       99%         1
 Summon Small Mammal      Summ           0%         N/A       99%         1
 Ensorcelled Hibernation  Hex/Ice        0%         N/A       100%        2
 Confusing Touch          Hex            0%         N/A       100%        3
 Dazzling Flash           Conj/Hex       0%         N/A       100%        3
 Tukima's Dance           Hex            0%         N/A       100%        3
 Vampiric Draining        Necr           0%         2d6       100%        3
 Animate Dead             Necr           0%         N/A       100%        4
 Cause Fear               Hex            0%         N/A       100%        4
 Agony                    Necr           0%         N/A       100%        5
 Silence                  Hex/Air        0%         N/A       100%        5
 Yara's Violent Unravell  Hex/Tmut       0%         3d3       100%        5
 Discord                  Hex            0%         N/A       100%        8


Dungeon Overview and Level Annotations

Branches:
Dungeon (8/15)             Temple (1/1) D:6            Lair (2/6) D:8
  Swamp: Lair:2-4    Shoals: Lair:2-4     Snake: Lair:2-4    Spider: Lair:2-4

Altars:
Dithmenos
Elyvilon
Gozag
Hepliaklqana
Makhleb
Nemelex Xobeh
Okawaru
Qazlal
Trog
Uskayaw
Xom
Yredelemnul
Zin
The Shining One

Annotations:
D:5 glass case with items.
D:8 exclusion: ice statue


Message History

Beogh accepts your kill.
The blink frog hits you but does no damage. x2
You closely miss the blink frog.
The blink frog is heavily wounded.
You barely miss the blink frog.
The blink frog blinks! x2
You closely miss the blink frog.
The blink frog is heavily wounded.
The blink frog hits you but does no damage.
You slash the blink frog!
The blink frog is severely wounded.
The blink frog blinks! x2
You closely miss the blink frog. The blink frog closely misses you.
You miss the blink frog. The blink frog hits you.
* * * LOW HITPOINT WARNING * * *
You closely miss the blink frog. The blink frog hits you.
* * * LOW HITPOINT WARNING * * *
The blink frog blinks! x2; The blink frog closely misses you.
You hit the blink frog.
The blink frog is heavily wounded.
You closely miss the blink frog.
The blink frog hits you but does no damage. x2
You slice the blink frog!!
You kill the blink frog!
Beogh accepts your kill.
You slash the blink frog! The blink frog hits you.
* * * LOW HITPOINT WARNING * * *
The blink frog blinks!
The blink frog hits you.
* * * LOW HITPOINT WARNING * * *
You barely miss the blink frog.
The blink frog is severely wounded.
The blink frog blinks!
The blink frog hits you but does no damage.
You barely miss the blink frog.
The blink frog is heavily wounded.
The blink frog blinks!
You miss the blink frog.
The blink frog is severely wounded.
The blink frog hits you!
You die...

##### ###P.P# # ##
#P.....
P.(.##[###.††#
.......<...F@######
...P####..###F##.P#
# #...F......#
#...#..#...#
#...#####..# ....P#
#.... P.#...##
...### .......#
#..# ........ ....


You could see 2 blink frogs.

Vanquished Creatures
  Harold (D:8)
  A two-headed ogre (D:8)
  An ugly thing (D:7)
  2 cane toads (Lair:1)
  A komodo dragon (D:8)
  Prince Ribbit (D:8)
  2 blink frogs (Lair:2)
  Grinder (D:3)
  Eustachio (D:4)
  A basilisk (Lair:2)
  A steam dragon (D:7)
  3 swamp worms (Lair:1)
  4 water moccasins
  6 wolves (Lair:1)
  4 centaurs
  An ogre (D:7)
  6 bullfrogs
  4 scorpions
  A wyvern zombie (D:7)
  2 water moccasin skeletons
  5 wights
  A howler monkey (D:6)
  2 bullfrog zombies (D:6)
  A centaur zombie (D:8)
  2 hounds (D:6)
  3 orc priests
  A gnoll shaman (D:6)
  A centaur skeleton (D:7)
  Jessica (D:3)
  Natasha (thrice) (D:2)
  6 iguanas
  7 hell rats (Lair:2)
  5 orc wizards
  A killer bee zombie (D:8)
  A hound skeleton (D:4)
  8 gnolls
  A howler monkey skeleton (D:5)
  9 adders
  2 white imps
  An ufetubus (D:8)
  An adder skeleton (D:4)
  A worm (D:4)
  5 dart slugs
  29 orcs
  6 endoplasms
  3 giant cockroaches
  10 goblins
  6 hobgoblins
  6 jackals
  4 quokkas
  13 ball pythons
  9 bats
  6 frilled lizards
  11 kobolds
  8 rats
223 creatures vanquished.

Vanquished Creatures (others)
  An orc priest (D:6)
  An ufetubus (D:8)
  4 fungi
  24 plants
30 creatures vanquished.

Grand Total: 253 creatures vanquished

Notes
Turn   | Place    | Note
-------+----------+-------------------------------------------
     0 | D:1      | avis the Hill Orc Monk began the quest for the Orb.
     0 | D:1      | Reached XP level 1. HP: 19/19 MP: 1/1
    87 | D:1      | Reached XP level 2. HP: 12/27 MP: 2/2
   571 | D:2      | Noticed Natasha
   577 | D:1      | Reached skill level 5 in Axes
   797 | D:1      | Reached XP level 3. HP: 33/33 MP: 3/3
  1377 | D:2      | Reached XP level 4. HP: 33/41 MP: 4/4
  1471 | D:2      | Reached skill level 6 in Axes
  1695 | D:2      | Found a faded altar of an unknown god.
  2075 | D:2      | Killed Natasha
  2076 | D:2      | Reached XP level 5. HP: 24/47 MP: 5/5
  2650 | D:2      | Noticed Natasha
  2655 | D:2      | Killed Natasha
  2656 | D:2      | Reached skill level 5 in Fighting
  2716 | D:2      | Noticed Natasha
  2732 | D:2      | Killed Natasha
  2733 | D:2      | Reached skill level 7 in Axes
  3174 | D:3      | Noticed Jessica
  3199 | D:3      | Killed Jessica
  3200 | D:3      | Reached XP level 6. HP: 55/56 MP: 6/6
  3241 | D:3      | Reached skill level 1 in Armour
  3486 | D:3      | Reached skill level 8 in Axes
  3675 | D:3      | Noticed Grinder
  3676 | D:3      | Paralysed by Grinder for 5 turns
  3690 | D:3      | Killed Grinder
  3691 | D:3      | Reached skill level 9 in Axes
  3691 | D:3      | Reached XP level 7. HP: 47/61 MP: 7/7
  4675 | D:4      | Noticed Eustachio
  4692 | D:4      | Killed Eustachio
  5422 | D:5      | Entered Level 5 of the Dungeon
  5623 | D:5      | Reached skill level 10 in Axes
  5856 | D:5      | Reached XP level 8. HP: 45/68 MP: 8/8
  6245 | D:5      | Reached skill level 11 in Axes
  6925 | D:6      | Reached skill level 5 in Armour
  7191 | D:6      | Reached skill level 12 in Axes
  7243 | D:6      | Found a staircase to the Ecumenical Temple.
  7532 | D:6      | Reached XP level 9. HP: 74/74 MP: 9/9
  7562 | D:6      | Became a worshipper of Beogh the Brigand
  7562 | D:6      | Reached * piety under Beogh
  7562 | D:6      | Reached ** piety under Beogh
  8061 | D:6      | Reached skill level 13 in Axes
  8061 | D:6      | Reached skill level 1 in Invocations
  8290 | D:7      | Noticed a brown ugly thing
  8301 | D:7      | HP: 3/74 [acid (7)]
  8307 | D:7      | Killed a brown ugly thing
  8595 | D:7      | Reached skill level 14 in Axes
  8908 | Temple   | Entered the Ecumenical Temple
  9467 | D:7      | Found a glowing silver altar of Zin.
  9467 | D:7      | Noticed an angel
  9566 | D:7      | Reached skill level 5 in Invocations
  9802 | D:8      | Found a staircase to the Lair.
  9803 | D:8      | Noticed a komodo dragon
  9844 | D:8      | Noticed an ice devil
  9848 | D:8      | Noticed an ice devil
  9891 | D:8      | Noticed Prince Ribbit
  9917 | D:8      | Killed Prince Ribbit
  9918 | D:8      | Reached XP level 10. HP: 38/81 MP: 10/14
 10135 | D:8      | Reached skill level 15 in Axes
 10138 | D:8      | Noticed a two-headed ogre
 10146 | D:8      | Killed a two-headed ogre
 10517 | D:8      | Noticed an ice statue
 10607 | D:8      | Found an opulent altar of Gozag.
 10635 | D:8      | Found a bloodstained altar of Trog.
 10636 | D:8      | Found a basalt altar of Yredelemnul.
 10636 | D:8      | Found an iron altar of Okawaru.
 10638 | D:8      | Found a shadowy altar of Dithmenos.
 10641 | D:8      | Found a hide-covered altar of Uskayaw.
 10642 | D:8      | Found a sparkling altar of Nemelex Xobeh.
 10674 | D:8      | Found a stormy altar of Qazlal.
 10738 | D:8      | Noticed Harold
 10753 | D:8      | Killed Harold
 10754 | D:8      | Reached skill level 16 in Axes
 11288 | Lair:1   | Entered Level 1 of the Lair of Beasts
 11294 | Lair:1   | Noticed a cane toad
 11301 | Lair:1   | Killed a cane toad
 11572 | Lair:1   | Noticed a cane toad
 11584 | Lair:1   | Killed a cane toad
 11585 | Lair:1   | Reached XP level 11. HP: 39/86 MP: 17/17
 11969 | Lair:1   | Reached skill level 17 in Axes
 12101 | Lair:1   | Identified the +12 dagger "Xeazosuc" {vorpal, Int+3}
 12793 | Lair:2   | Slain by a blink frog

Illustrated notes

Levels and vault maps discovered:
D:1:      dpeg_arrival_erosion, layout_rooms, minmay_tiny_reverse_x
D:2:      layout_loops_corners, shapermc_ecumenical_altar_totnotflames,
          minmay_surrounded, uniq_natasha
D:3:      layout_basic, minmay_close_crescents, uniq_grinder, uniq_jessica
D:4:      layout_loops_corners, minmay_splitting_lines, uniq_eustachio
D:5:      layout_basic, due_unseen_surprise
D:6:      layout_loops_corners, minmay_temple_entry_slanted,
          minmay_misc_feat_hallway, kennysheep_generic_room_13
D:7:      layout_cave_pools, zin_angel, grunt_ministairs_9
D:8:      cheibrodos_frozen_isle, layout_basic, minitemple, lemuel_doored_altar,
          david_lair_shrubbed, uniq_harold, uniq_prince_ribbit1
Temple:   nicolae_temple_god_jail
Lair:1:   layout_loops_ring, worms_lemuel
Lair:2:   gammafunk_cloud_chamber, layout_loops_ring,
          nicolae_spider_entry_non_spiders, grunt_megastairs_5,
          minmay_lair_oklob_chamber, serial_bayou_shore_b

Skill      XL: |  1  2  3  4  5  6  7  8  9 10 11 |
---------------+----------------------------------+-----
Fighting       | 4 5 |  5.0
Axes           | 5 6 7 9 10 12 14 16 17 | 17.4
Armour         | 2 4 5 |  5.0
Invocations    | 5 8 9 |  9.5
Dodging        | |  2.4
Stealth        | |  1.5

Action                   |  1- 3 |  4- 6 |  7- 9 | 10-12 || total
-------------------------+-------+-------+-------+-------++-------
Melee: Hand axe          |   111 |   210 |       |       ||   321
       War axe           |       |     8 |   399 |       ||   407
       Battleaxe         |       |       |    44 |   163 ||   207
       Spear             |       |       |       |    65 ||    65
Throw: Dart              |       |       |     2 |     4 ||     6
       Throwing net      |       |       |     1 |       ||     1
       Javelin           |       |       |       |     2 ||     2
       Boomerang         |       |       |       |     1 ||     1
Invok: Smiting           |       |       |     3 |     4 ||     7
       Convert to Beogh  |       |       |     1 |       ||     1
Evoke: Wand              |       |       |       |     1 ||     1
  Use: Potion            |       |       |     3 |     1 ||     4
       Scroll            |       |       |       |    17 ||    17
 Stab: Sleeping          |     2 |       |       |       ||     2
Armor: Robe              |    32 |     5 |       |       ||    37
       Scale mail        |       |    60 |    33 |       ||    93
       Plate armour      |       |       |   229 |       ||   229
       Chain mail        |       |       |    19 |   115 ||   134
Dodge: Dodged            |    67 |    99 |   117 |    54 ||   337

Table legend: (Time is in decaauts)
 A = Elapsed time spent in this place.
 B = Non-inter-level travel time spent in this place.
 C = Inter-level travel time spent in this place.
 D = Time resting spent in this place.
 E = Time spent auto-exploring this place.
 F = Levels seen in this place.
 G = Mean time per level.
                   A        B        C        D        E       F      G
               +--------+--------+--------+--------+--------+-----+--------+
         Total |  12769 |  11876 |    893 |   3961 |   5334 |  11 | 1160.8 |
       Dungeon |  11384 |  10558 |    826 |   3487 |   4836 |   8 | 1423.0 |
        Temple |     51 |     48 |      3 |      0 |      0 |   1 |   51.0 |
          Lair |   1333 |   1269 |     64 |    474 |    498 |   2 |  666.5 |
               +--------+--------+--------+--------+--------+-----+--------+

Top non-repeatable levels by time:
     D:6: 2024 daAuts
     D:2: 1806 daAuts
     D:8: 1441 daAuts
     D:3: 1432 daAuts
  Lair:1: 1255 daAuts
     D:5: 1216 daAuts
     D:4: 1210 daAuts
     D:7: 1156 daAuts
     D:1: 1097 daAuts
  Lair:2: 78 daAuts
  Temple: 51 daAuts
